 Dungeon Crawl Stone Soup version 0.30-a0-368-g86fb4627a9 (webtiles) character file.

Game seed: 3256995934702404733

120 mopl the Chopper (level 5, -1/38 HPs)
             Began as a Formicid Warper on Nov 19, 2022.
             Slain by a gnoll bouda
             ... wielding a +0 club
              (9 damage)
             ... on level 3 of the Dungeon.
             The game lasted 00:02:24 (2002 turns).

mopl the Chopper (Formicid Warper)                  Turns: 2002, Time: 00:02:25

Health: -1/38      AC: 10    Str: 18    XL:     5   Next: 25%
Magic:  8/8        EV:  5    Int: 12    God:
Gold:   216        SH:  0    Dex: 13    Spells: 8/8 levels left

rFire   . . .      SeeInvis +    a - +0 hand axe
rCold   . . .      Faith    +    (no shield)
rNeg    . . .      Spirit   .    t - +0 plate armour
rPois   .          Reflect  .    (helmet unavailable)
rElec   .          Harm     .    (no cloak)
rCorr   .          Rampage  .    (no gloves)
Will    .....                    (no boots)
Stlth   ..........               l - amulet of faith {!P}
HPRegen 0.26/turn                (no ring)
MPRegen 0.11/turn                (no ring)

@: no status effects
A: permanent stasis, dig shafts and tunnels, antennae 3, four strong arms
a: Dig, Shaft Self


You were on level 3 of the Dungeon.
You visited 1 branch of the dungeon, and saw 4 of its levels.

You collected 216 gold pieces.

Inventory:

Hand Weapons
 a - a +0 hand axe (weapon)
Missiles
 c - 7 boomerangs of dispersal
 m - 2 throwing nets
 r - 2 poisoned darts (quivered)
Armour
 t - a +0 plate armour (worn)
Jewellery
 l - an amulet of faith (around neck) {!P}
Scrolls
 e - 2 scrolls of teleportation {unknown}
 g - a scroll of poison {unknown}
 h - a scroll of blinking {unknown}
 i - a scroll of brand weapon {unknown}
 k - 3 scrolls of identify {unknown}
 n - 4 scrolls of enchant armour {unknown}
Potions
 d - 2 potions of attraction {unknown}
 f - 2 potions of berserk rage {unknown}
 j - 3 potions of curing {unknown}
 o - a potion of lignification {unknown}
 p - a potion of heal wounds {unknown}
 q - a potion of degeneration {unknown}
 s - a potion of mutation {unknown}


   Skills:
 - Level 2.1 Fighting
 * Level 4.2 Axes
 - Level 1.0 Throwing
 - Level 1.1 Armour
 - Level 1.7 Dodging
 - Level 2.1 Spellcasting
 + Level 3.6 Translocations


You had 8 spell levels left.
You didn't know any spells.
Your spell library contained the following spells:

 Spells                   Type           Power      Damage    Failure   Level
 Sting                    Tmut/Pois      4%         1d3       100%        1
 Poisonous Vapours        Pois/Air       2%         N/A       100%        2
 Ignite Poison            Fire/Tmut/Pois 1%         N/A       100%        3
 Lesser Beckoning         Tloc           20%        N/A       100%        3
 Teleport Other           Tloc           10%        N/A       100%        3
 Vhi's Electric Charge    Tloc/Air       10%        N/A       100%        3
 Airstrike                Air            0%         2d(1-17)  100%        4
 Manifold Assault         Tloc           10%        N/A       100%        4
 Olgreb's Toxic Radiance  Pois           1%         N/A       100%        4
 Sticky Flame             Conj/Fire      1%         2d3       100%        4
 Summon Lightning Spire   Summ/Air       1%         N/A       100%        4
 Lightning Bolt           Conj/Air       0%         1d11      100%        5
 Ignition                 Fire           0%         3d3       100%        8
 Blink                    Tloc           Unusable   N/A       N/A         2

Dungeon Overview and Level Annotations

Branches:
Dungeon (4/15)
 Temple: D:4-7

Altars:
Ru


Innate Abilities, Weirdness & Mutations

You cannot be hasted, slowed, berserked, paralysed or teleported.
You can dig through walls and to a lower floor.
You have a pair of large antennae on your head. (SInv)
Your four strong arms can wield two-handed weapons with a shield.


Message History

The gnoll bouda is moderately wounded.
The gnoll bouda hits you with a +0 club.
You completely miss the gnoll bouda.
The gnoll bouda is moderately wounded.
The gnoll bouda hits you but does no damage.
You hit the gnoll bouda.
The gnoll bouda is heavily wounded.
The gnoll bouda hits you but does no damage.
The gnoll bouda hits you with a +0 club.
You hit the gnoll bouda but do no damage.
The gnoll bouda is heavily wounded.
The gnoll bouda hits you but does no damage.
You barely miss the gnoll bouda.
The gnoll bouda is heavily wounded.
The gnoll bouda hits you with a +0 club!
You are too injured to fight recklessly!
You are too injured to fight recklessly!
You are too injured to fight recklessly!
You are too injured to fight recklessly!
You are too injured to fight recklessly!
You are too injured to fight recklessly!
You are too injured to fight recklessly!
You are too injured to fight recklessly!
You are too injured to fight recklessly!
You are too injured to fight recklessly!
You are too injured to fight recklessly!
You are too injured to fight recklessly!
You are too injured to fight recklessly!
You hit the gnoll bouda.
The gnoll bouda is severely wounded.
The gnoll bouda barely misses you.
You completely miss the gnoll bouda.
The gnoll bouda is severely wounded.
Your attacks no longer feel as feeble.
The gnoll bouda hits you with a +0 club.
* * * LOW HITPOINT WARNING * * *
You hit the gnoll bouda.
The gnoll bouda is almost dead.
The gnoll bouda hits you with a +0 club!
You die...

#.....#
#.#.###...
#.#####
#.#.##....
#.#####
#.#.##....
#.....#
#.#.##....
#####.#
#.#.###...
#.#
#.#...##..
#.#
#.###.####
#g# #.#
#.# #@#
#.# #.#
#####)#
#.# #.#
#.....#
#.# #.#
#.#####
#.# #.#
#.#
#.###.#
#.#
#..##.#
#.#
##....#
#.#######
#.####
#.......#
#.#


You could see a gnoll bouda.

Vanquished Creatures
  A hound (D:4)
  2 gnolls (D:3)
  An adder (D:2)
  A worm (D:2)
  3 dart slugs
  An orc (D:3)
  3 ball pythons
  2 bats (D:3)
  6 endoplasms
  2 giant cockroaches
  4 hobgoblins
  4 jackals (D:1)
  2 quokkas
  A frilled lizard (D:1)
  5 goblins
  7 kobolds
  5 rats
50 creatures vanquished.

Vanquished Creatures (others)
  A plant (D:3)
1 creature vanquished.

Grand Total: 51 creatures vanquished

Notes
Turn   | Place    | Note
-------+----------+-------------------------------------------
     0 | D:1      | mopl the Formicid Warper began the quest for the Orb.
     0 | D:1      | Reached XP level 1. HP: 16/16 MP: 3/3
    62 | D:1      | Reached XP level 2. HP: 15/22 MP: 5/5
   295 | D:1      | Reached skill level 3 in Translocations
   456 | D:1      | Reached XP level 3. HP: 9/27 MP: 6/6
   458 | D:1      | Reached skill level 3 in Axes
   907 | D:2      | Reached XP level 4. HP: 33/33 MP: 7/7
  1610 | D:3      | Found a faded altar of an unknown god.
  1658 | D:3      | Prayed at the altar of an unknown god.
  1658 | D:3      | Became a worshipper of Ru the Awakened
  1659 | D:3      | Fell from the grace of Ru
  1771 | D:4      | Reached skill level 4 in Axes
  1790 | D:4      | Noticed an ogre
  1841 | D:3      | Reached XP level 5. HP: 28/38 MP: 8/8
  2002 | D:3      | Slain by a gnoll bouda

Illustrated notes

Levels and vault maps discovered:
D:1:      amcnicky_arrival_flooded_fountain, layout_rooms, serial_rivers,
          chequers_serial_rivers_micro_e, chequers_serial_rivers_micro_d,
          chequers_serial_rivers_small_a, chequers_serial_rivers_small_3
D:2:      layout_rooms, chequers_serial_rivers_small_b
D:3:      layout_loops_ring, shapermc_ecumenical_altar_mp_urbaneastern
D:4:      layout_rooms, serial_rivers, chequers_serial_rivers_micro_d,
          chequers_serial_rivers_micro_e, chequers_serial_rivers_small_b,
          chequers_serial_rivers_small_b, chequers_serial_rivers_micro_d,
          chequers_serial_rivers_room_b, kennysheep_generic_room_5,
          uniq_crazy_yiuf_cottage

Skill      XL: |  1  2  3  4 |
---------------+-------------+-----
Translocations | 3 |  3.6
Axes           | 3 4 |  4.2
Fighting       | |  2.1
Throwing       | |  1.0
Armour         | |  1.1
Dodging        | |  1.7
Spellcasting   | |  2.1

Action                   |  1- 3 |  4- 6 || total
-------------------------+-------+-------++-------
Melee: Hand axe          |    94 |   102 ||   196
       Punch             |     1 |       ||     1
Invok: Renounce Religion |       |     1 ||     1
 Stab: Sleeping          |     1 |       ||     1
Armor: Leather armour    |    22 |    10 ||    32
       Plate armour      |       |    58 ||    58
Dodge: Dodged            |    52 |    47 ||    99

Table legend: (Time is in decaauts)
 A = Elapsed time spent in this place.
 B = Non-inter-level travel time spent in this place.
 C = Inter-level travel time spent in this place.
 D = Time resting spent in this place.
 E = Time spent auto-exploring this place.
 F = Levels seen in this place.
 G = Mean time per level.
                   A        B        C        D        E       F      G
               +--------+--------+--------+--------+--------+-----+--------+
         Total |   2036 |   1968 |     68 |    253 |   1235 |   4 |  509.0 |
       Dungeon |   2036 |   1968 |     68 |    253 |   1235 |   4 |  509.0 |
               +--------+--------+--------+--------+--------+-----+--------+

Top non-repeatable levels by time:
     D:3: 797 daAuts
     D:1: 742 daAuts
     D:2: 418 daAuts
     D:4: 77 daAuts
